 Dungeon Crawl Stone Soup version 0.22-a0-181-gb22368a (webtiles) character file.

21 mhoghedin the Ducker (level 3, -9/26 HPs)
             Began as a Halfling Monk on Feb 14, 2018.
             Mangled by a gnoll
             ... wielding a cursed -2 whip
              (11 damage)
             ... on level 1 of the Dungeon.
             The game lasted 00:01:11 (878 turns).

mhoghedin the Ducker (Halfling Monk)                 Turns: 878, Time: 00:01:12

Health: -9/26      AC:  2    Str: 13    XL:     3   Next: 5%
Magic:  3/3        EV: 13    Int:  8    God:
Gold:   42         SH:  7    Dex: 16    Spells: 2/2 levels left

rFire    . . .     SeeInvis .   a - +0 falchion
rCold    . . .     Gourm    .   h - +0 shield
rNeg     . . .     Faith    .   b - +0 robe
rPois    .         Spirit   .   (no helmet)
rElec    .         Reflect  .   (no cloak)
rCorr    .         Harm     .   (no gloves)
MR       .....                  (no boots)
Stlth    ++........             (no amulet)
HPRegen  0.08/turn              (no ring)
MPRegen  0.08/turn              (no ring)

@: no status effects
A: small, mutation resistance 1
a: no special abilities


You were on level 1 of the Dungeon.
You were not hungry.

You visited 1 branch of the dungeon, and saw 2 of its levels.

You collected 42 gold pieces.

Inventory:

Hand Weapons
 a - a +0 falchion (weapon)
 k - a +1 vampiric spear
   (You found it on level 2 of the Dungeon)
Armour
 b - a +0 robe (worn)
 h - a +0 shield (worn)
   (You found it on level 1 of the Dungeon)
Scrolls
 d - a scroll of amnesia {unknown}
 e - a scroll of identify {unknown}
Potions
 f - a potion of flight {unknown}
 g - a potion of berserk rage {unknown}
 i - a potion of brilliance {unknown}
 j - 2 potions of curing {unknown}
Comestibles
 c - 4 rations


   Skills:
 + Level 3.0 Fighting
 + Level 3.3 Long Blades
 + Level 3.7 Dodging
 - Level 2.1 Stealth
 + Level 0.5 Shields


You had 2 spell levels left.
You didn't know any spells.

Dungeon Overview and Level Annotations

Branches:
Dungeon (2/15)

Altars:


Innate Abilities, Weirdness & Mutations

You are small and have problems with some larger weapons.
You are somewhat resistant to further mutation.


Message History

No target in view!
No target in view!
No target in view!
No target in view!
No target in view!
No target in view!
No target in view!
No target in view!
No target in view!
No target in view!
No target in view!
No target in view!
c - 4 rations (gained 1)
You see here a bat corpse.
A hobgoblin comes into view. It is wielding a club.
Health restored: 21 A hobgoblin is nearby!
You block the hobgoblin's attack.
You hit the hobgoblin but do no damage. The hobgoblin hits you with a club.
You block the hobgoblin's attack.
You take 2 damage, and have 19/21 hp.
You barely miss the hobgoblin. You block the hobgoblin's attack.
You closely miss the hobgoblin. You block the hobgoblin's attack.
You hit the hobgoblin. You block the hobgoblin's attack.
You barely miss the hobgoblin. The hobgoblin misses you.
You riposte.
You hit the hobgoblin.
You kill the hobgoblin!
You have reached level 3!
Your experience leads to an increase in your attributes!
Increase (S)trength, (I)ntelligence, or (D)exterity?
You feel stronger.
You regained 5 hp, and now have 24/26 hp.
MP restored: 3 You see here a dagger.
A kobold comes into view.
Health restored: 26 A kobold is nearby!
You hit the kobold. The kobold misses you.
You closely miss the kobold. The kobold hits you.
You take 1 damage, and have 25/26 hp.
You hit the kobold but do no damage. The kobold hits you but does no damage.
You slash the kobold!
You kill the kobold!
No target in view!
No target in view!
No target in view!
No target in view!
No target in view!
No target in view!
No target in view!
You see here a kobold corpse.
Done exploring.
Done exploring.
No target in view!
(D) Dungeon
Where to? (? - help)
There is a stone staircase leading down here.
You climb downwards.
There is a stone staircase leading up here.
No target in view!
j - 2 viscous purple potions Health restored: 26 2 gnolls come into view.
The gnoll shouts!
A gnoll comes into view. It is wielding a spear.
A gnoll comes into view. It is wielding a spear.
The gnoll hits you from afar with a spear.
The gnoll hits you with an enchanted whip.
You take 4 damage, and have 22/26 hp.
The gnoll shouts!
The gnoll hits you from afar with a spear.
A frilled lizard comes into view.
You take 4 damage, and have 18/26 hp.
You see here a glowing spear.
k - a glowing spear The gnoll shouts!
The gnoll hits you from afar with a spear!
You block the gnoll's attack.
You take 8 damage, and have 10/26 hp.
MASSIVE DAMAGE!!
There is a stone staircase leading up here.
You block the gnoll's attack. The gnoll hits you but does no damage.
You climb upwards.
There is a stone staircase leading down here.
You hit the gnoll but do no damage. You block the gnoll's attack.
You hit the gnoll but do no damage. You block the gnoll's attack.
You hit the gnoll. The gnoll hits you but does no damage.
You hit the gnoll but do no damage. You block the gnoll's attack. x2
You hit the gnoll. The gnoll hits you but does no damage.
You closely miss the gnoll. The gnoll misses you.
You hit the gnoll. You block the gnoll's attack.
You hit the gnoll but do no damage. The gnoll completely misses you.
You riposte.
You barely miss the gnoll.
The gnoll hits you with an enchanted whip!
* * * LOW HITPOINT WARNING * * *
You take 9 damage, and have 2/26 hp.
MASSIVE DAMAGE!!
You barely miss the gnoll.
The gnoll hits you with an enchanted whip!
You die...

###########
#...#.....#
##########.(.#.....#
#.g@................
#.#.######..†#......
#.#.# #...######.
#.#.######...######.
#........#...##.....
#...####.#...##.###.
##....# #.######.# ##
#.....###.######.####
#..#.................


You could see a gnoll.

Vanquished Creatures
  2 dart slugs (D:1)
  A giant cockroach (D:1)
  3 goblins (D:1)
  2 hobgoblins (D:1)
  A bat (D:1)
  2 kobolds (D:1)
  9 rats (D:1)
20 creatures vanquished.

Notes
Turn   | Place    | Note
-------+----------+-------------------------------------------
     0 | D:1      | mhoghedin the Halfling Monk began the quest for the Orb.
     0 | D:1      | Reached XP level 1. HP: 15/15 MP: 1/1
   113 | D:1      | Reached XP level 2. HP: 14/20 MP: 2/2
   704 | D:1      | Reached skill level 3 in Fighting
   757 | D:1      | Reached XP level 3. HP: 24/26 MP: 3/3
   877 | D:1      | HP: 2/26 [gnoll/enchanted whip (9)]
   878 | D:1      | Mangled by a gnoll

Vault maps used:
D:1:      lemuel_arrival_cross, minmay_rat_gold_closets
D:2:      grunt_temple_overflow_forces_of_nature,
          regret_index_temple_of_mockery, nicolae_overflow_hidden_temple,
          first_ration, minmay_tetromino_t4

Skill      XL: |  1  2 |
---------------+-------+-----
Fighting       | 3 |  3.0
Long Blades    | |  3.3
Dodging        | |  3.7
Stealth        | |  2.1
Shields        | |  0.5

Action                   || total
-------------------------++-------
Melee: Falchion          ||    63
 Stab: Sleeping          ||     5
Armor: Robe              ||     6
Dodge: Dodged            ||    30
Block: Shield            ||    19
       Rpst.: Falchion   ||    10

Table legend:
 A = Spawn XP
 B = Non-spawn XP
 C = Spawn XP percentage of total XP
 D = Spawn monster count
 E = Non-spawn monster count
 F = Spawn count percentage of total count
 G = Total turns spent on level
                    A         B        C        D         E        F      G
               +---------+---------+-------+---------+---------+-------+---------
         Total |       0 |      31 |   0.0 |       0 |      20 |   0.0 |   878
               +---------+---------+-------+---------+---------+-------+---------
           D:1 |       0 |      31 |   0.0 |       0 |      20 |   0.0 |   859
               +---------+---------+-------+---------+---------+-------+---------

Vault maps used:
D:1:      lemuel_arrival_cross, minmay_rat_gold_closets
D:2:      grunt_temple_overflow_forces_of_nature,
          regret_index_temple_of_mockery, nicolae_overflow_hidden_temple,
          first_ration, minmay_tetromino_t4

Table legend:
 A = Turns spent in this place as a percentage of turns spent in the entire game.
 B = Non-inter-level travel turns spent in this place as a percentage of non-inter-level travel turns spent in the entire game.
 C = Inter-level travel turns spent in this place as a percentage of turns spent in this place.
 D = Turns resting spent in this place as a percentage of non-inter-level travel turns spent in this place.
 E = Turns spent auto-exploring this place as a percentage of non-inter-level travel turns spent in this place.
 F = Non-inter-level travel turns spent in this place divided by the number of levels of this place that you've seen.
                   A       B       C       D       E      F
               +-------+-------+-------+-------+-------+----------------------
         Total | 100.0 | 100.0 |   1.1 |  36.2 |  43.5 | 434.0
       Dungeon | 100.0 | 100.0 |   1.1 |  36.2 |  43.5 | 434.0
               +-------+-------+-------+-------+-------+----------------------

Table legend:
 A = Kills in this place as a percentage of kills in entire the game.
 B = Kills by you in this place as a percentage of kills by you in the entire game.
 C = Kills by friends in this place as a percentage of kills by friends in the entire game.
 D = Other kills in this place as a percentage of other kills in the entire game.
 E = Experience gained in this place as a percentage of experience gained in the entire game.
 F = Experience gained in this place divided by the number of levels of this place that you have seen.
                   A       B       C       D       E      F
               +-------+-------+-------+-------+-------+----------------------
         Total | 100.0 | 100.0 |   N/A |   N/A | 100.0 |  15.5
       Dungeon | 100.0 | 100.0 |   N/A |   N/A | 100.0 |  15.5
               +-------+-------+-------+-------+-------+----------------------
